 Dungeon Crawl Stone Soup version 0.31-a0-978-g1e143483b6 (webtiles) character file.

Game seed: 6982566211600505586

309 retardedninja the Firebug (level 6, -1/36 HPs)
             Began as a Gargoyle Fire Elementalist on Oct 27, 2023.
             Slain by an ogre
             ... wielding a +0 giant club
              (15 damage)
             ... on level 3 of the Dungeon on Oct 30, 2023.
             The game lasted 00:05:27 (4357 turns).

retardedninja the Firebug (GrFE)                    Turns: 4357, Time: 00:05:27

Health: -1/36      AC:  6    Str: 17    XL:     6   Next: 41%
Magic:  4/10       EV: 12    Int: 18    God:
Gold:   202        SH:  0    Dex: 10    Spells: 8/11 levels left

rFire   + . .        k - staff of fire
rCold   . . .        (no shield)
rNeg    + . .        b - +0 robe
rPois   ∞            (no helmet)
rElec   +            (no cloak)
rCorr   .            (no gloves)
SInv    .            (no boots)
Will    .....        (no amulet)
Stlth   ++           f - +6 ring of strength
HPRegen 0.26/turn    (no ring)
MPRegen 0.12/turn

%: no passive effects
@: no status effects
A: sickness immunity, AC +4, negative energy resistance 1, electricity
resistance, torment resistance 1, petrification resistance
a: no special abilities


You were on level 3 of the Dungeon.
You visited 1 branch of the dungeon, and saw 4 of its levels.

You collected 202 gold pieces.

Inventory:

Armour
 b - a +0 robe (worn)
Magical Staves
 k - a staff of fire (weapon)
Jewellery
 f - a +6 ring of strength (left hand)
Scrolls
 a - a scroll of amnesia {unknown}
 e - a scroll of silence {unknown}
 g - a scroll of brand weapon {unknown}
 i - a scroll of noise {unknown}
 j - 3 scrolls of identify {unknown}
 l - 2 scrolls of teleportation {unknown}
 m - a scroll of torment {unknown}
 n - a scroll of summoning {unknown}
Potions
 c - a potion of attraction
 d - a potion of resistance {unknown}
 h - 2 potions of curing {unknown}
 o - a potion of mutation {unknown}
 p - a potion of haste {unknown}
 q - 2 potions of heal wounds {unknown}


   Skills:
 + Level 2.4 Fighting
 - Level 1.8 Dodging
 - Level 2.5 Stealth
 + Level 3.1 Spellcasting
 + Level 3.1 Conjurations
 + Level 4.1 Fire Magic
 + Level 1.8 Air Magic


You had 8 spell levels left.
You knew the following spells:

 Your Spells              Type           Power      Damage    Failure   Level
a - Foxfire               Conj/Fire      92%        2x1d8     3%          1
b - Scorch                Fire           52%        2d7       4%          2

Your spell library contained the following spells:

 Spells                   Type           Power      Damage    Failure   Level
 Shock                    Conj/Air       44%        1d5       6%          1
 Summon Small Mammal      Summ           8%         N/A       16%         1
 Inner Flame              Hex/Fire       15%        N/A       21%         3
 Volatile Blastmotes      Fire/Tloc      30%        2d12      21%         3
 Swiftness                Air            9%         N/A       22%         3
 Flame Wave               Conj/Fire      23%        2d8       36%         4
 Call Canine Familiar     Summ           2%         N/A       43%         3
 Summon Guardian Golem    Hex/Summ       2%         N/A       43%         3
 Airstrike                Air            4%         2d(1-17)  58%         4
 Passage of Golubria      Tloc           2%         N/A       85%         4
 Silence                  Hex/Air        3%         N/A       97%         5
 Lehudib's Crystal Spear  Conj/Erth      4%         10d3      100%        8


Dungeon Overview and Level Annotations

Branches:
Dungeon (4/15)
 Temple: D:4-7

Altars:


Innate Abilities, Weirdness & Mutations

You are immune to sickness and miasma.
Your stone body is resilient. (AC +4)
You are immune to poison.
You resist negative energy. (rN+)
You are resistant to electric shocks. (rElec)
You are resistant to unholy torment.
You are immune to petrification.


Message History

You kill the orc priest!
Unknown command.
Casting: Scorch (safe; 4% risk of failure)
Confirm with . or Enter, or press ? or * to list all spells.
You don't have enough magic to cast this spell.
You start resting.
HP restored.
You start resting.
Magic restored.
You start waiting.
Done waiting.
You start waiting.
Done waiting.
You climb downwards.
The ogre barely misses you.
The ogre hits you with a +0 giant club!!
Ouch! That really hurt!
There is a stone staircase leading up here.
The ogre closely misses you. The ogre misses you.
You climb upwards.
There is a stone staircase leading down here.
Okay, then.
Casting: Scorch (safe; 4% risk of failure)
Confirm with . or Enter, or press ? or * to list all spells.
You feel a surge of power!
Flames lash the ogre.
The ogre is moderately wounded.
The ogre's fire resistance burns away.
Unknown command.
Casting: Scorch (safe; 4% risk of failure)
Confirm with . or Enter, or press ? or * to list all spells.
You feel a surge of power!
Flames lash the ogre.
The ogre is lightly wounded.
The ogre's fire resistance burns away.
The ogre closely misses you. The ogre hits you with a +0 giant club.
Unknown command.
Casting: Scorch (safe; 4% risk of failure)
Confirm with . or Enter, or press ? or * to list all spells.
You feel a surge of power!
Flames lash the ogre.
The ogre is burned terribly!
The ogre is severely wounded.
The ogre closely misses you. The ogre hits you with a +0 giant club!
You die...

##.#.#.....#.8####.....#...# #.
####.#.#.###..#######.##...# #.
.......#.###..#.# ##.###### ##
.##....#)#.#..#.# #..# ###
.##....#.#.#..#.####.## #..
.........#.#8.#......# #######.#
.........#.#..##..#######........
............(....).........~~.~..
........###....O@....~~.P~..~≈.~~
........# #......O..~.~≈≈~~≈≈≈≈~~
........# #...##...~~.P≈≈≈≈≈≈≈~~~
........# #...#...~.~~P≈≈≈≈≈≈~P~≈
........# #...#...≈~~≈≈≈≈≈P~~~~.~
........###.....~≈P≈≈≈≈~~~P.~~~..
.##............~.~≈≈~~≈~~~.~....#
................~≈≈~~........##.#
_.###........P~P≈≈≈≈~~...........


You could see 2 ogres.

Vanquished Creatures
  Sigmund (D:3)
  An orc priest (D:3)
  An orc wizard (D:3)
  3 gnolls (D:3)
  An adder (D:3)
  2 dart slugs
  2 ball pythons (D:1)
  6 endoplasms
  A giant cockroach (D:1)
  6 goblins
  7 hobgoblins
  2 jackals
  7 kobolds
  3 quokkas
  5 bats
  3 frilled lizards
  4 rats (D:1)
55 creatures vanquished.

Vanquished Creatures (collateral kills)
  5 foxfires (D:2)
5 creatures vanquished.

Vanquished Creatures (others)
  196 foxfires
196 creatures vanquished.

Grand Total: 256 creatures vanquished

Notes
Turn   | Place    | Note
-------+----------+-------------------------------------------
     0 | D:1      | retardedninja the Gargoyle Fire Elementalist began the
                  | quest for the Orb.
     0 | D:1      | Reached XP level 1. HP: 10/10 MP: 3/3
   256 | D:1      | Reached XP level 2. HP: 15/15 MP: 0/5
  1067 | D:1      | Reached XP level 3. HP: 17/19 MP: 3/6
  1112 | D:1      | Learned a level 2 spell: Scorch
  2636 | D:3      | Noticed Sigmund
  2649 | D:3      | Killed Sigmund
  2650 | D:3      | Reached skill level 1 in Air Magic
  2650 | D:3      | Reached XP level 4. HP: 16/26 MP: 4/8
  2650 | D:3      | Reached XP level 5. HP: 18/30 MP: 4/9
  3076 | D:3      | Reached XP level 6. HP: 25/35 MP: 0/10
  3285 | D:3      | Found a faded altar of an unknown god.
  3287 | D:3      | Identified the +6 dagger of Ru's Grace {freeze, +Blink
                  | rElec Int-3 SInv}
  3436 | D:3      | Reached skill level 4 in Fire Magic
  3437 | D:3      | Upgraded the game from 0.31-a0-968-g24f9ace8b5 to
                  | 0.31-a0-978-g1e143483b6
  4357 | D:3      | Slain by an ogre

Illustrated notes

Levels and vault maps discovered:
D:1:      tarquinn_simple_flora_water_a, layout_rooms, st_stairs_7
D:2:      layout_basic, serial_forest, infiniplex_forest_clump_medium,
          infiniplex_forest_lined_4_way, infiniplex_forest_corner_2,
          infiniplex_forest_lined_3, infiniplex_forest_clump_curved
D:3:      layout_basic, hellmonk_ecumenical_altar_lost_god,
          chequers_decorated_corner, minivault_4, chequers_big_river,
          uniq_sigmund
D:4:      layout_basic, uniq_ijyb

Skill      XL: |  1  2  3  4  5  6 |
---------------+-------------------+-----
Conjurations   | 2 3 |  3.1
Fighting       | 2 |  2.4
Air Magic      | 1 |  1.8
Spellcasting   | 3 |  3.1
Fire Magic     | 4 |  4.1
Dodging        | |  1.8
Stealth        | |  2.5

Action                     |  1- 3 |  4- 6 || total
---------------------------+-------+-------++-------
  Melee: Staff             |   202 |     3 ||   205
         Punch             |     1 |       ||     1
   Cast: Foxfire           |    90 |    38 ||   128
         Scorch            |     5 |    14 ||    19
    Use: Potion            |     2 |       ||     2
 Armour: Robe              |    23 |    25 ||    48
  Dodge: Dodged            |    31 |    26 ||    57

Table legend: (Time is in decaauts)
 A = Elapsed time spent in this place.
 B = Non-inter-level travel time spent in this place.
 C = Inter-level travel time spent in this place.
 D = Time resting spent in this place.
 E = Time spent auto-exploring this place.
 F = Levels seen in this place.
 G = Mean time per level.
                   A        B        C        D        E       F      G
               +--------+--------+--------+--------+--------+-----+--------+
         Total |   4413 |   4339 |     74 |    696 |   2830 |   4 | 1103.2 |
       Dungeon |   4413 |   4339 |     74 |    696 |   2830 |   4 | 1103.2 |
               +--------+--------+--------+--------+--------+-----+--------+

Top non-repeatable levels by time:
     D:3: 2045 daAuts
     D:2: 1250 daAuts
     D:1: 1104 daAuts
     D:4: 13 daAuts
